 Dungeon Crawl Stone Soup version 0.17-a0-1194-gc654e57 (webtiles) character file.

21 AnnoyedKobold the Sneak (level 3, -1/21 HPs)
             Began as a Kobold Assassin on June 2, 2015.
             Succumbed to a kobold's poison
             ... on level 1 of the Dungeon.
             The game lasted 00:02:38 (1053 turns).

AnnoyedKobold the Sneak (Kobold Assassin)           Turns: 1053, Time: 00:02:38

Health: -1/21      AC:  3    Str:  9    XL:     3   Next: 5%
Magic:  3/3        EV: 16    Int:  9    God:
Gold:   72         SH:  0    Dex: 18    Spells: 0 memorised, 2 levels left

rFire  + . .     SeeInvis .     a - +2 dagger
rCold  + . .     Clarity  .     c - +0 robe
rNeg   . . .     SustAt   .     (shield restricted)
rPois  +         Gourm    .     (helmet restricted)
rElec  +         Spirit   .     d - +0 cloak
rCorr  +         Warding  .     (no gloves)
rMut   .         Stasis   .     (no boots)
MR     .....                    (no amulet)
Stlth  ++++......               (no ring)
                                (no ring)

@: lethally poisoned (-1 -> -23), resistant, not resistant to hostile
enchantments, stealthy
A: horns 1, carnivore 3
a: no special abilities


You were on level 1 of the Dungeon.
You were not hungry.

You visited 1 branch of the dungeon, and saw 1 of its levels.

You collected 72 gold pieces.

Inventory:

Hand weapons
 a - a +2 dagger (weapon)
 b - a +0 blowgun
Missiles
 e - 25 poisoned needles
 f - 2 curare-tipped needles
Armour
 c - a +0 robe (worn)
 d - a +0 cloak (worn)
 h - a +0 pair of boots
Scrolls
 i - a scroll of remove curse {unknown}
 j - a scroll of enchant armour {unknown}
 k - 2 scrolls of identify {unknown}
 o - 2 scrolls of enchant weapon {unknown}
Potions
 n - a potion of agility {unknown}
Comestibles
 g - 2 meat rations


   Skills:
 - Level 2.1 Fighting
 - Level 2.6 Throwing
 + Level 3.0 Dodging
 - Level 5.5 Stealth


You had 2 spell levels left.
You didn't know any spells.

Dungeon Overview and Level Annotations

Branches:
Dungeon (1/15)

Altars:


Innate Abilities, Weirdness & Mutations

You are small and have problems with some larger weapons.
You are carnivorous and can eat meat at any time.
You have a pair of small horns on your head.


Message History

You are more poisoned.
You barely miss the kobold.
The kobold is severely wounded.
You feel sick. The kobold completely misses you.
* * * LOW HITPOINT WARNING * * *
You feel sick.
* * * LOW HITPOINT WARNING * * *
You feel sick.
* * * LOW HITPOINT WARNING * * *
You feel sick.
Drink which item? (? for menu, Esc to quit)
It was a potion of beneficial mutation.
A pair of horns grows on your head!
You feel fantastic!
* * * LOW HITPOINT WARNING * * *
You feel sick. The kobold barely misses you.
Drink which item? (? for menu, Esc to quit)
It was a potion of resistance.
You feel protected.
You die...

.#.#.###.#.#
...........#
.#.#.###.### #.#
#.#.###.####
...........#
#######.####
.###.########.##
.........K@....#
.############.##
#.# #.# #.# ..#
#.# #.# ###


You could see a kobold.

Vanquished Creatures
  2 giant geckos (D:1)
  3 bats (D:1)
  2 hobgoblins (D:1)
  3 jackals (D:1)
  A kobold (D:1)
  A giant cockroach (D:1)
  3 giant newts (D:1)
  2 goblins (D:1)
  3 rats (D:1)
20 creatures vanquished.

Notes
Turn   | Place    | Note
--------------------------------------------------------------
     0 | D:1      | AnnoyedKobold the Kobold Assassin began the quest for the Orb.
     0 | D:1      | Reached XP level 1. HP: 12/12 MP: 1/1
     1 | D:1      | Noticed a minotaur zombie
     3 | D:1      | Noticed a troll zombie
     3 | D:1      | Noticed a draconian zombie
     5 | D:1      | Noticed a human zombie
     6 | D:1      | Noticed a draconian zombie
     7 | D:1      | Noticed a formicid zombie
     8 | D:1      | Noticed a vine stalker zombie
    10 | D:1      | Noticed a draconian zombie
    12 | D:1      | Noticed a merfolk zombie
    13 | D:1      | Noticed a minotaur zombie
    16 | D:1      | Noticed a troll zombie
    16 | D:1      | Noticed a vine stalker zombie
    18 | D:1      | Noticed a spriggan zombie
    18 | D:1      | Noticed a vine stalker zombie
    20 | D:1      | Noticed a human zombie
   269 | D:1      | Reached XP level 2. HP: 17/17 MP: 2/2
   740 | D:1      | Reached XP level 3. HP: 3/21 MP: 3/3
  1052 | D:1      | Gained mutation: You have a pair of small horns on your head. [potion of beneficial mutation]
  1052 | D:1      | HP: 1/21 [poisoned by a kobold]
  1053 | D:1      | Succumbed to a kobold's poison

Vault maps used:
D:1:      shiori_arrival_whats_in_store_for_you

Action                   || total
-------------------------++-------
Melee: Dagger            ||    72
  Use: Potion            ||     2
 Stab: Sleeping          ||     7
